 Dungeon Sprint DCSS version 0.17-a0-1450-g7e755d1 (webtiles) character file.

642 shklvsk the Basher (level 7, -9/52 HPs)
             Began as a Demonspawn Abyssal Knight on June 30, 2015.
             Was a High Priest of Lugonu.
             Killed from afar by an anubis guard (shapeshifter) (24 damage)
             ... with a bolt of negative energy
             ... in the Dungeon (Sprint IX: "|||||||||||||||||||||||||||||").
             The game lasted 00:03:41 (1143 turns).

shklvsk the Basher (Demonspawn Abyssal Knight)      Turns: 1143, Time: 00:03:41

Health: -9/52      AC: 16    Str: 14    XL:     7   Next: 26%
Magic:  0/13       EV: 11    Int: 14    God:    Lugonu [*****.]
Gold:   0          SH:  0    Dex: 18    Spells: 0 memorised, 6 levels left

rFire  . . .     SeeInvis .     n - +2 morningstar (crush)
rCold  . . .     Clarity  .     q - +1 scale mail
rNeg   . . .     SustAt   .     (no shield)
rPois  .         Gourm    .     p - +0 helmet
rElec  .         Spirit   +     (no cloak)
rCorr  .         Warding  .     (no gloves)
rMut   .         NoTele   +     (no boots)
MR     .....                    (no amulet)
Stlth  ..........               s - +3 ring of dexterity
                                r - +3 ring of dexterity

@: very slightly contaminated, heavily drained, not resistant to hostile
enchantments, extremely unstealthy
A: talons 2, iridescent scales 2, magic shield, rot immunity
a: Bend Space, Banish, Corrupt, Renounce Religion


You were in the Dungeon.
You worshipped Lugonu.
Lugonu was extremely pleased with you.
You were not hungry.

You visited 1 branch

Inventory:

Hand weapons
 a - a +1 mace
 n - a +2 morningstar of crushing (weapon)
 o - the +2 scimitar "Irhav" {drain, +Fly rN+ MP+9 Dex-2}
   (You found it in the Dungeon)

   A truly terrible weapon, it drains the life of those it strikes.
   It affects your dexterity (-2).
   It protects you from negative energy.
   It affects your magic capacity (+9).
   It lets you fly.
 t - a +0 giant club
Armour
 b - a +0 leather armour
 p - a +0 helmet (worn)
 q - a +1 scale mail (worn)
Jewellery
 r - a +3 ring of dexterity (left hand)
 s - a +3 ring of dexterity (right hand)
Magical devices
 m - a wand of cold (5)
Scrolls
 k - 3 scrolls of remove curse
 l - 2 scrolls of amnesia
Potions
 d - 5 potions of curing
 e - 2 potions of heal wounds
 f - a potion of haste
 g - 4 potions of magic
 h - a potion of berserk rage
 j - a potion of invisibility
Comestibles
 c - a bread ration


   Skills:
 - Level 3.0(1.6) Fighting
 * Level 9.5(7.8) Maces & Flails
 + Level 8.0(6.4) Armour
 + Level 5.0(3.5) Dodging
 + Level 8.8(7.1) Invocations
 + Level 1.8(0.4) Evocations


You had 6 spell levels left.
You didn't know any spells.

Dungeon Overview and Level Annotations

Branches:
Dungeon (1/1)

Altars:
Cheibriados
Dithmenos
Elyvilon
Fedhas
Gozag
Kikubaaqudgha
Makhleb
Nemelex Xobeh
Okawaru
Qazlal
Ru
Sif Muna
Trog
Vehumet
Xom
Yredelemnul
Zin
The Shining One
Beogh
Jiyva
Lugonu


Innate Abilities, Weirdness & Mutations

You have razor-sharp toenails.
You are mostly covered in iridescent scales (AC +6).
When hurt, damage is shared between your health and your magic reserves.
You are immune to rotting.


Message History

* * * LOW HITPOINT WARNING * * *
You feel drained.
* * * LOW HITPOINT WARNING * * *
Read which item? (? for menu, Esc to quit)
Blink to where?
Press: ? - help, Dir - move target cursor You are very lightly contaminated with residual magic.
As you read the scroll of blinking, it crumbles to dust.
You close the door.
An anubis guard opens the door.
You see here a +0 naga barding.
Items here: )))) a +4 quarterstaff of speed; a +2 halberd of protection a +3 war axe of freezing; a +2 rapier of distortion You see here an uncursed staff of energy.
Drink which item? (? for menu, Esc to quit)
You feel much better.
The anubis guard breathes negative energy at you.
The bolt of negative energy hits you!
You feel drained.
You die...

▓_▓
▓_▓
▓_▓
▓_▓
▓_▓
▓_▓
▓'▓
▓.▓
▓@▓
▓|▓
▓)▓
▓.▓
▓[▓
▓H▓
▓.▓
▓.▓
▓'▓


You could see an anubis guard.

Vanquished Creatures
  A yak (D)
  A hippogriff (D)
  An ogre (D)
  An eye of draining (D)
  A scorpion (D)
  A jelly (D)
  An adder (D)
  An adder skeleton (D)
  A giant gecko (D)
  3 bats (D)
  2 goblins (D)
  A hobgoblin (D)
  3 kobolds (D)
  A giant gecko zombie (D)
  A giant newt (D)
20 creatures vanquished.

Vanquished Creatures (others)
  A two-headed ogre (D)
1 creature vanquished.

Grand Total: 21 creatures vanquished

Notes
Turn   | Place    | Note
--------------------------------------------------------------
     0 | D        | shklvsk the Demonspawn Abyssal Knight began the quest for the Orb.
     0 | D        | Reached XP level 1. HP: 18/18 MP: 2/2
    15 | D        | Acquired Lugonu's second power
    15 | D        | Reached skill level 1 in Dodging
    39 | D        | Acquired Lugonu's third power
    44 | D        | Gained mutation: When hurt, damage is shared between your health and your magic reserves. [demonic ancestry]
    44 | D        | Reached XP level 2. HP: 16/24 MP: 4/4
    47 | D        | Acquired Lugonu's fourth power
   140 | D        | Found a glowing silver altar of Zin.
   140 | D        | Found a glowing golden altar of the Shining One.
   140 | D        | Found an ancient bone altar of Kikubaaqudgha.
   140 | D        | Found a basalt altar of Yredelemnul.
   140 | D        | Found a shimmering altar of Xom.
   140 | D        | Found a radiant altar of Vehumet.
   141 | D        | Found an iron altar of Okawaru.
   142 | D        | Found a burning altar of Makhleb.
   143 | D        | Found a deep blue altar of Sif Muna.
   144 | D        | Found a bloodstained altar of Trog.
   145 | D        | Found a sparkling altar of Nemelex Xobeh.
   146 | D        | Found a white marble altar of Elyvilon.
   147 | D        | Found a roughly hewn altar of Beogh.
   148 | D        | Found a viscous altar of Jiyva.
   149 | D        | Found a corrupted altar of Lugonu.
   150 | D        | Found a blossoming altar of Fedhas.
   151 | D        | Found a snail-covered altar of Cheibriados.
   152 | D        | Found a shadowy altar of Dithmenos.
   153 | D        | Found a stormy altar of Qazlal.
   154 | D        | Found an opulent altar of Gozag.
   155 | D        | Found a sacrificial altar of Ru.
   172 | D        | Got the +2 scimitar "Irhav" {drain, +Fly rN+ MP+9 Dex-2}
   200 | D        | Noticed a yak
   200 | D        | Noticed a hippogriff
   200 | D        | Noticed a scorpion
   863 | D        | Killed a yak
   863 | D        | Reached skill level 6 in Maces & Flails
   863 | D        | Reached skill level 5 in Armour
   863 | D        | Gained mutation: You have sharp toenails. [demonic ancestry]
   863 | D        | Reached XP level 3. HP: 14/29 MP: 2/7
   863 | D        | Gained mutation: You are immune to rotting. [demonic ancestry]
   863 | D        | Reached XP level 4. HP: 16/35 MP: 2/8
   863 | D        | Gained mutation: You are partially covered in iridescent scales (AC +4). [demonic ancestry]
   863 | D        | Reached XP level 5. HP: 18/41 MP: 2/9
   865 | D        | Killed a hippogriff
   865 | D        | Reached skill level 7 in Maces & Flails
   865 | D        | Reached skill level 1 in Evocations
   865 | D        | Gained mutation: You are mostly covered in iridescent scales (AC +6). [demonic ancestry]
   865 | D        | Reached XP level 6. HP: 20/47 MP: 2/11
   954 | D        | Killed a scorpion
   954 | D        | Acquired Lugonu's fifth power
  1083 | D        | Noticed a two-headed ogre
  1083 | D        | Noticed an ogre
  1083 | D        | Noticed an eye of draining
  1083 | D        | Noticed a jelly
  1083 | D        | Noticed a troll
  1083 | D        | Noticed a jumping spider
  1083 | D        | a troll changed into a jumping spider
  1087 | D        | Banished a two-headed ogre
  1087 | D        | Reached skill level 8 in Maces & Flails
  1093 | D        | Killed an ogre
  1093 | D        | Reached skill level 9 in Maces & Flails
  1093 | D        | Gained mutation: You have razor-sharp toenails. [demonic ancestry]
  1093 | D        | Reached XP level 7. HP: 47/52 MP: 0/13
  1095 | D        | Killed an eye of draining
  1098 | D        | Killed a jelly
  1098 | D        | Reached skill level 5 in Dodging
  1128 | D        | Noticed an anubis guard
  1132 | D        | HP: 1/52 [anubis guard (shapeshifter) (3)]
  1143 | D        | Killed from afar by an anubis guard (shapeshifter)

Vault maps used:
D:        linesprint

Action                   |  1- 3 |  4- 6 |  7- 9 || total
-------------------------+-------+-------+-------++-------
Melee: Mace              |    30 |       |       ||    30
       Morningstar       |    12 |    15 |     6 ||    33
Invok: Bend Space        |     1 |       |       ||     1
       Banish            |       |     2 |       ||     2
Evoke: Wand              |     1 |     1 |       ||     2
  Use: Scroll            |     1 |       |     1 ||     2
       Potion            |       |       |     1 ||     1
 Stab: Sleeping          |     1 |       |       ||     1
  Eat: Chunk             |       |     1 |       ||     1
